Map: Blueshift LE

Players

lIIllllIIlll (INnoVation) - Winner!

  • Race: Terran Terran
  • League: Master
  • Spawn Location: 7:00

Denver

  • Race: Zerg Zerg
  • League: Master
  • Spawn Location: 1:00

Event: HomeStory Cup XVIII

VOD

Have the link to the VOD?

Description

Time

  • Played on: Nov. 22, 2018, 4:48 p.m.
  • Length: 13:31

All games in this series

Show
View Real Time Build Order
Export as new Build Order

lIIllllIIlll Terran - Winner!

Build Orders: Gas First Reaper Expand, Reaper Expand 

Get SALT Encoding   

  12  0:00  SCV  
  13  0:12  SCV  
  14  0:16  Supply Depot  
  14  0:25  SCV  
  14  0:27  Refinery  
  15  0:38  SCV  
  16  0:44  Barracks  
  16  0:50  SCV  
  17  1:02  SCV  
  18  1:14  SCV  
  19  1:30  Orbital Command  
  19  1:31  Reaper  
  20  1:41  Command Center  
  20  1:53  Factory  
  20  1:56  SCV  
  21  2:04  Barracks Reactor  
  21  2:08  SCV  
  22  2:12  Supply Depot  
  22  2:15  Refinery  
  22  2:20  SCV  
  23  2:34  SCV  
  24  2:44  Starport, Hellion x2  
  28  2:46  SCV  
  29  2:52  Orbital Command  
  29  2:57  Barracks Tech Lab  
  30  2:58  SCV  
  30  3:05  Hellion  
  32  3:10  Hellion  
  32  3:12  SCV  
  34  3:20  Viking  
  34  3:22  SCV  
  34  3:24  SCV  
  38  3:32  Supply Depot  
  38  3:34  Marine x2  
  38  3:39  Siege Tank  
  38  3:40  SCV  
  44  3:41  SCV  
  45  3:52  Marine  
  45  3:53  Marine, SCV x2  
  45  3:55  Supply Depot  
  49  4:02  Supply Depot  
  52  4:10  Marine  
  52  4:11  Marine  
  56  4:17  SCV x2  
  56  4:18  Siege Tank  
  59  4:24  Supply Depot  
  59  4:27  Marine  
  59  4:29  Marine, SCV x2  
  63  4:37  Starport Tech Lab  
  60  4:41  SCV  
  60  4:42  SCV  
  60  4:44  Command Center  
  62  4:50  Siege Tank  
  65  4:54  Supply Depot, SCV x2  
  65  4:59  Stimpack  
  67  5:01  Marine, Barracks  
  67  5:02  Starport Reactor  
  67  5:06  SCV x2  
  70  5:09  Barracks  
  70  5:16  Engineering Bay  
  70  5:17  Engineering Bay  
  70  5:19  Marine  
  70  5:20  SCV x2  
  73  5:25  Refinery x2  
  71  5:29  Siege Tank  
  71  5:32  SCV x2  
  70  5:37  Marine  
  71  5:43  Terran Infantry Weapons Level 1  
  71  5:44  SCV x2  
  71  5:48  Starport Reactor, Marine x2  
  75  5:53  Terran Infantry Armor Level 1  
  75  5:56  Marine, SCV x2  
  78  5:57  Orbital Command  
  78  6:02  Marine x2  
  78  6:03  Siege Tank  
  83  6:08  SCV x2  
  83  6:10  Supply Depot  
  83  6:11  Marine x2  
  89  6:18  Marauder  
  89  6:20  Marine x2, SCV  
  89  6:21  SCV  
  89  6:24  Orbital Command  
  93  6:29  Marine x2  
  93  6:31  Missile Turret  
  93  6:32  Supply Depot  
  95  6:33  SCV x2  
  95  6:35  Siege Tank  
  95  6:36  Supply Depot  
  100  6:40  Medivac  
  100  6:41  Medivac  
  100  6:45  SCV x2  
  100  6:46  Supply Depot  
  106  6:50  Marauder  
  106  6:51  Marine  
  106  6:52  Marine  
  106  6:53  Marine  
  109  6:54  Marine  
  109  7:00  Combat Shield  
  110  7:08  Siege Tank  
  113  7:10  Armory  
  113  7:11  Barracks  
  113  7:12  Barracks  
  113  7:18  Supply Depot, Marine x2, Marauder  
  116  7:26  SCV x2  
  116  7:27  SCV  
  119  7:32  Marine x2  
  119  7:36  Marine x2  
  123  7:40  Marauder  
  123  7:41  Supply Depot x2, SCV x2  
  127  7:47  Missile Turret  
  127  7:48  Siege Tank  
  130  7:53  Refinery, SCV  
  130  7:54  Refinery, SCV  
  130  7:55  SCV  
  133  7:58  Barracks Tech Lab  
  133  7:59  Barracks Tech Lab  
  131  8:07  Marine x4, Marauder  
  137  8:14  SCV  
  137  8:15  SCV x2  
  137  8:18  Supply Depot  
  137  8:19  Supply Depot, Concussive Shells  
  140  8:20  Terran Infantry Armor Level 2  
  140  8:24  Terran Infantry Weapons Level 2  
  140  8:28  Terran Vehicle And Ship Armor Level 1  
  140  8:32  Siege Tank  
  142  8:37  Medivac x2  
  146  8:51  Marauder  
  146  8:52  Marauder x2, Command Center  
  146  8:55  Marine x3  
  152  8:56  Marine  
  152  8:59  Supply Depot  
  152  9:00  Supply Depot  
  156  9:04  Siege Tank  
  156  9:07  Medivac x2  
  163  9:15  Marauder x3, Marine x2  
  163  9:16  Marine x2  
  173  9:22  Supply Depot  
  173  9:23  Supply Depot  
  170  9:33  Barracks  
  170  9:35  Barracks  
  170  9:36  Marine x4, Marauder x2  
  170  9:37  Marauder, Barracks  
  170  9:38  Siege Tank  
  183  9:39  Medivac  
  183  9:40  Medivac  
  187  9:54  Marine x4  
  187  9:58  Marauder x3  
  191  10:10  Siege Tank  
  191  10:12  Marine x4  
  198  10:19  Marauder x3  
  198  10:20  Medivac x2  
  184  10:23  Barracks Reactor  
  184  10:24  Barracks Reactor, Barracks Tech Lab  
  169  10:32  Marine x4  
  155  10:40  Marauder  
  155  10:41  Marauder x2  
  161  10:48  Marauder  
  152  10:50  Marine x4, Medivac  
  152  10:51  Siege Tank  
  140  11:02  Marine, Marauder x2  
  128  11:09  Planetary Fortress  
  128  11:10  SCV  
  128  11:11  SCV x2  
  126  11:18  Marauder  
  126  11:20  Marauder  
  126  11:21  Marine x5  
  126  11:22  Marine  
  126  11:23  Marauder x2  
  126  11:25  Unknown  
  138  11:26  Siege Tank  
  138  11:31  Medivac  
  143  11:37  Marine  
  143  11:39  Marauder  
  146  11:41  Marauder  
  146  11:42  Refinery  
  146  11:43  Refinery  
  146  11:45  Marauder, Medivac  
  146  11:46  Marauder  
  154  11:51  Marine x4  
  157  11:55  Missile Turret  
  157  11:59  SCV x2  
  157  12:00  Marauder  
  161  12:03  Marauder, Marine  
  161  12:05  Marine  
  161  12:06  Marauder  
  161  12:08  Marauder  
  169  12:09  Missile Turret  
  169  12:10  Siege Tank  
  172  12:20  Medivac x2  
  172  12:21  Marine x2  
  172  12:22  Marauder, Marine  
  181  12:25  Marauder  
  183  12:33  Marauder  
  185  12:40  Command Center  
  185  12:42  Marine, Marauder  
  185  12:43  Marine, Marauder  
  190  12:46  Marauder  
  166  12:54  Starport  
  166  12:55  Starport  
  166  12:57  Medivac  
  166  12:58  Medivac  
  165  13:05  Marauder  
  165  13:06  Marauder x2  
Show
View Real Time Build Order
Export as new Build Order

Denver Zerg 

Build Orders: Pool First 

Get SALT Encoding   

  12  0:00  Drone  
  13  0:12  Overlord  
  13  0:17  Drone  
  14  0:30  Drone  
  14  0:31  Drone  
  16  0:40  Spawning Pool  
  15  0:44  Drone  
  15  0:48  Drone  
  17  1:08  Hatchery  
  16  1:12  Drone  
  17  1:27  Zergling x4  
  17  1:28  Zergling x2  
  17  1:30  Queen  
  22  1:35  Extractor  
  21  1:40  Overlord  
  21  1:50  Drone  
  22  2:03  Drone  
  22  2:07  Queen  
  25  2:10  Drone  
  26  2:21  Drone  
  27  2:23  Drone  
  30  2:33  Drone x2  
  32  2:38  Overlord  
  32  2:41  Drone x2  
  34  2:45  Lair  
  34  2:50  Queen  
  34  2:57  Drone x2  
  36  3:02  Drone x2  
  38  3:12  Drone x2  
  40  3:16  Drone x3  
  43  3:20  Overlord  
  43  3:33  Hatchery  
  42  3:40  Roach Warren  
  41  3:42  Overlord  
  41  3:45  Drone  
  42  3:50  Drone x2  
  42  3:51  Drone  
  42  3:55  Extractor, Overseer  
  44  3:57  Overlord  
  44  4:01  Drone x2  
  47  4:02  Drone  
  47  4:07  Drone x2  
  47  4:08  Drone  
  50  4:14  Burrow  
  50  4:23  Evolution Chamber  
  49  4:25  Roach x4  
  57  4:33  Roach  
  57  4:34  Evolution Chamber x2  
  57  4:36  Overlord  
  57  4:38  Drone  
  57  4:39  Drone  
  57  4:43  Overlord  
  59  4:47  Glial Reconstitution  
  59  4:51  Overlord  
  59  4:55  Overlord  
  59  4:58  Drone x3  
  62  5:03  Zerg Missile Weapons Level 1  
  62  5:04  Drone x2  
  64  5:07  Overlord  
  64  5:10  Drone  
  64  5:11  Drone  
  64  5:12  Drone  
  64  5:14  Drone  
  68  5:16  Extractor  
  68  5:20  Overlord  
  67  5:21  Drone x4  
  67  5:22  Drone  
  67  5:26  Overlord  
  72  5:33  Drone x5  
  75  5:38  Zerg Ground Armor Level 1  
  75  5:40  Overlord  
  75  5:46  Drone x4  
  75  5:48  Extractor  
  78  5:50  Extractor  
  77  5:58  Roach x3  
  77  5:59  Roach  
  77  6:01  Overlord  
  85  6:04  Drone x2  
  85  6:05  Drone x2  
  85  6:06  Tunneling Claws, Drone  
  85  6:08  Overlord  
  90  6:12  Roach  
  90  6:13  Overlord, Roach  
  90  6:16  Overlord  
  93  6:20  Drone  
  93  6:22  Drone x2  
  93  6:25  Overlord  
  96  6:28  Pneumatized Carapace  
  96  6:31  Hatchery  
  95  6:33  Roach  
  95  6:37  Roach x2  
  101  6:40  Drone x2  
  101  6:41  Overlord  
  101  6:42  Extractor  
  101  6:44  Roach  
  101  6:45  Roach  
  106  6:48  Roach  
  106  6:52  Roach x3  
  114  7:00  Roach x4  
  122  7:06  Overlord  
  122  7:08  Roach x4  
  130  7:12  Drone  
  130  7:15  Roach x3  
  137  7:18  Zerg Missile Weapons Level 2  
  137  7:21  Roach x5  
  137  7:22  Roach x2  
  136  7:26  Roach x11  
  136  7:27  Roach  
  146  7:32  Zerg Ground Armor Level 2  
  148  7:37  Roach x3  
  148  7:44  Roach x3  
  148  7:49  Drone  
  148  7:50  Infestation Pit  
  152  7:59  Drone x4, Overlord x3  
  152  8:02  Queen  
  152  8:04  Extractor  
  152  8:05  Roach x2  
  161  8:09  Overlord  
  161  8:10  Overlord  
  161  8:15  Roach x3  
  161  8:17  Overlord  
  167  8:24  Roach x4  
  175  8:31  Infestor  
  175  8:32  Infestor x2  
  181  8:36  Overlord  
  181  8:42  Roach  
  181  8:43  Roach x4  
  181  8:47  Spore Crawler  
  190  8:49  Drone, Spore Crawler  
  190  8:50  Spore Crawler  
  190  8:51  Spore Crawler  
  188  9:01  Hive  
  188  9:03  Ravager x5  
  193  9:30  Roach x3  
  199  9:42  Ravager  
  200  9:48  Extractor  
  200  9:50  Spire  
  198  9:58  Roach x6  
  198  9:59  Hatchery  
  199  10:00  Extractor  
  199  10:02  Extractor  
  199  10:06  Roach x10  
  197  10:10  Roach x2  
  199  10:19  Roach x6  
  199  10:20  Roach  
  197  10:22  Roach  
  171  10:31  Roach x15  
  177  10:38  Overseer  
  177  10:41  Ravager x7, Roach  
  152  10:55  Roach x8  
  133  11:01  Roach  
  115  11:04  Roach x4  
  115  11:09  Greater Spire  
  115  11:11  Infestor  
  122  11:19  Drone x6  
  122  11:22  Roach  
  122  11:23  Roach  
  122  11:24  Roach x10  
  132  11:28  Roach x3  
  138  11:33  Ravager x4  
  138  11:39  Roach x2  
  152  11:40  Roach x3  
  152  11:45  Roach x2  
  156  11:55  Infestor x2  
  156  11:57  Roach x8  
  156  11:59  Roach x8  
  152  12:03  Corruptor x4  
  152  12:37  Brood Lord x3  
  152  12:39  Corruptor x2  
  152  12:40  Corruptor  
  152  12:41  Roach x6  
  134  12:53  Roach x6  
  125  13:00  Roach x4  
  125  13:05  Roach x2  
Tags
 
Add a new tag
Caveats
  • Supply blocks, unpowered buildings, or Contaminate may cause inaccurate times.
  • Supply counts are checked every 10 seconds.